 Dungeon Crawl Stone Soup version 0.31-a0-618-g7ca08c1ff9 (webtiles) character file.

Game seed: 507356022813175912

2380 RepHenryClay the Basher (level 9, -4/71 HPs)
             Began as a Minotaur Delver on Aug 22, 2023.
             Was a Priest of Makhleb.
             Killed from afar by a gargoyle (31 damage)
             ... with a stone arrow
             ... on level 7 of the Dungeon.
             The game lasted 00:13:06 (7145 turns).

RepHenryClay the Basher (Minotaur Delver)           Turns: 7145, Time: 00:13:07

Health: -4/71      AC: 18    Str: 27    XL:     9   Next: 22%
Magic:  8/8        EV: 11    Int:  9    God:    Makhleb [***...]
Gold:   395        SH:  0    Dex: 12    Spells: 8/8 levels left

rFire   + . .        a - +1 mace (protect)
rCold   . . .        (no shield)
rNeg    . . .        F - +0 scale mail
rPois   .            (helmet restricted)
rElec   .            L - +0 cloak
rCorr   .            p - +0 pair of gloves
SInv    .            (no boots)
Will    .....        (no amulet)
Stlth   +            q - +6 ring of strength
HPRegen 0.31/turn    I - ring "Etuit" {rF+ Int+2 Slay+4}
MPRegen 0.11/turn

%: no passive effects
@: brilliant, under a protective aura, invisible (expiring)
A: horns 2, retaliatory headbutt
a: Renounce Religion, Minor Destruction, Lesser Servant of Makhleb


You were on level 7 of the Dungeon.
You worshipped Makhleb.
Makhleb was most pleased with you.
You visited 1 branch of the dungeon, and saw 7 of its levels.
You also visited: Sewer and Ossuary.

You collected 395 gold pieces.

Inventory:

Hand Weapons
 a - a +1 mace of protection (weapon)
 b - a +2 whip of freezing
 D - a +0 flail
Missiles
 r - 12 poisoned darts
 B - 4 darts of dispersal
Armour
 p - a +0 pair of gloves (worn)
 F - a +0 scale mail (worn)
 K - a +2 ring mail of cold resistance
 L - a +0 cloak (worn)
Jewellery
 q - a +6 ring of strength (left hand)
 I - the ring "Etuit" (right hand) {rF+ Int+2 Slay+4}
   (You took it off an orc on level 6 of the Dungeon)

   [ring of slaying]

   Int+2:     It affects your intelligence (+2).
   Slay+4:    It affects your accuracy & damage with ranged weapons and melee
   (+4).
   rF+:       It protects you from fire.
 J - an amulet of magic regeneration
Wands
 g - a wand of digging (3)
Scrolls
 c - a scroll of fog
 d - a scroll of revelation
 e - 2 scrolls of fear
 i - 3 scrolls of teleportation {unknown}
 k - 2 scrolls of vulnerability {unknown}
 l - a scroll of immolation {unknown}
 m - 2 scrolls of blinking {unknown}
 o - 3 scrolls of brand weapon {unknown}
 s - a scroll of enchant armour {unknown}
 y - a scroll of noise {unknown}
 A - 2 scrolls of amnesia {unknown}
 E - a scroll of enchant weapon {unknown}
 G - a scroll of poison {unknown}
Potions
 f - 2 potions of haste
 h - 5 potions of curing
 t - 3 potions of heal wounds
 u - 2 potions of invisibility
 v - 2 potions of resistance
 w - 2 potions of mutation
 x - 4 potions of attraction
 C - 2 potions of lignification
 H - 2 potions of brilliance


   Skills:
 - Level 3.7 Fighting
 + Level 10.7 Maces & Flails
 + Level 10.3 Armour
 - Level 2.3 Dodging
 - Level 4.1 Stealth


You had 8 spell levels left.
You didn't know any spells.
Your spell library contained the following spells:

 Spells                   Type           Power      Damage    Failure   Level
 Apportation              Tloc           0%         N/A       61%         1
 Necrotise                Necr           0%         1d4       61%         1
 Summon Small Mammal      Summ           0%         N/A       61%         1
 Cigotuvi's Dreadful Rot  Necr/Pois/Air  0%         N/A       75%         2
 Ensorcelled Hibernation  Hex/Ice        0%         N/A       75%         2
 Passwall                 Tmut/Erth      0%         N/A       75%         2
 Static Discharge         Conj/Air       0%         2-2/arc   75%         2
 Ignite Poison            Fire/Tmut/Pois 0%         N/A       93%         3
 Summon Guardian Golem    Hex/Summ       0%         N/A       93%         3
 Swiftness                Air            0%         N/A       93%         3
 Tukima's Dance           Hex            0%         N/A       93%         3
 Airstrike                Air            0%         2d(0-16)  100%        4
 Passage of Golubria      Tloc           0%         N/A       100%        4
 Summon Lightning Spire   Summ/Air       0%         N/A       100%        4
 Freezing Cloud           Conj/Ice/Air   0%         6-21      100%        5
 Summon Forest            Summ/Tloc      0%         N/A       100%        5
 Summon Mana Viper        Hex/Summ       0%         N/A       100%        5
 Yara's Violent Unravell  Hex/Tmut       0%         3d3       100%        5
 Summon Cactus Giant      Summ           0%         N/A       100%        6
 Orb of Destruction       Conj           0%         9d5       100%        7
 Spellforged Servitor     Conj/Summ      0%         N/A       100%        7


Dungeon Overview and Level Annotations

Branches:
Dungeon (7/15)             Temple (0/1) D:7           Sewer (visited)
Ossuary (visited)

Altars:
Elyvilon
Makhleb
Nemelex Xobeh
Sif Muna
Wu Jian
Zin
The Shining One

Shops:
D:1 =   D:4 =

Portals:
Bailey: D:7

Annotations:
D:1 great ring
D:5 1 runed translucent door, Crazy Yiuf


Innate Abilities, Weirdness & Mutations

You have a pair of horns on your head.
You reflexively headbutt those who attack you in melee.


Message History

The gargoyle is lightly damaged.
You hit the gargoyle but do no damage.
The gargoyle is lightly damaged.
The gargoyle hurls a stone arrow at you.
The stone arrow hits you!
* * * LOW HITPOINT WARNING * * *
Huge Dmg: -14%(-15hp) hp: 40%(42hp)
You sock the gargoyle!
The gargoyle is heavily damaged.
You flicker for a moment.
The gargoyle hits you with a +0 morningstar.
* * * LOW HITPOINT WARNING * * *
Damage: -2%(-2hp) hp: 38%(40hp)
You sock the gargoyle!
The gargoyle is almost destroyed.
The gargoyle hits you with a +0 morningstar.
* * * LOW HITPOINT WARNING * * *
Damage: -1%(-1hp) hp: 37%(39hp) Unknown command.
You hit the gargoyle but do no damage.
The gargoyle is almost destroyed.
You feel less wooden.
Your +0 cloak unmelds from your body.
Your +0 pair of gloves unmelds from your body.
Your +0 scale mail unmelds from your body.
Huge Dmg: -18%(-13hp) hp: 37%(26hp)
You hit the gargoyle but do no damage.
The gargoyle is almost destroyed.
The gargoyle hurls a stone arrow at you.
The stone arrow misses you.
You barely miss the gargoyle.
You headbutt the gargoyle, but do no damage.
The gargoyle is almost destroyed.
The gargoyle barely misses you.
You completely miss the gargoyle.
You headbutt the gargoyle, but do no damage.
The gargoyle is almost destroyed.
The gargoyle hurls a stone arrow at you.
The stone arrow hits you!!
You die...

#..,,..,,..##.#######*,*********
###***,,*####...>....,,,,,,,,,,*
*******..#####..######***,*****,***
*,,,,,,........)# *,*,,,,,,,,
*,**,**...#####)# *######.*,***,,,,
*,**,**,..#####)# *.......,,* *****
*,**,**,......))##*..≈≈~≈≈,,*
*,**,***...#.#...##..≈...≈,,*
*,**,,,,,,*##....@9).≈g∩.≈,,*
*,,,,,,,,,,#.....###.≈g..≈,,*
**********#.###.## *,≈≈≈≈≈,,* ##*
### *,,....,** ****###**


You could see a gargoyle (unable to see you) and 2 goblins.

Vanquished Creatures
  Pikel (D:5)
  Eustachio (D:6)
  A water moccasin (D:6)
  2 ice beasts (D:6)
  3 phantoms
  A gnoll sergeant (D:6)
  A scorpion (D:7)
  A howler monkey (D:4)
  2 centaur zombies (Ossuary)
  3 human zombies (Ossuary)
  8 jellies
  A gnoll bouda (D:5)
  2 hounds (D:6)
  2 sleepcaps
  5 orc wizards
  2 iguanas
  2 hound zombies (Ossuary)
  3 mummies (Ossuary)
  7 gnolls
  8 adders
  3 river rats (Sewer)
  2 shadow imps
  3 adder zombies (Ossuary)
  3 worms
  2 dart slugs (D:1)
  24 orcs
  9 ball pythons
  30 endoplasms
  4 giant cockroaches
  7 goblins
  5 hobgoblins
  6 jackals (D:1)
  A quokka (D:1)
  7 bats
  6 frilled lizards
  4 goblin zombies (Ossuary)
  4 hobgoblin zombies (Ossuary)
  5 jackal zombies (Ossuary)
  14 kobolds
  2 kobold zombies (Ossuary)
  An orc zombie (Ossuary)
  A quokka zombie (Ossuary)
  5 rats
  5 rat zombies (Ossuary)
  A spectral hobgoblin (D:1)
210 creatures vanquished.

Vanquished Creatures (others)
  A goblin (D:7)
1 creature vanquished.

Grand Total: 211 creatures vanquished

Notes
Turn   | Place    | Note
-------+----------+-------------------------------------------
     0 | D:5      | RepHenryClay the Minotaur Delver began the quest for the
                  | Orb.
     0 | D:5      | Reached XP level 1. HP: 19/19 MP: 0/0
    64 | D:4      | Noticed a phantom
    75 | D:4      | Found a sand-covered staircase.
    82 | Ossuary  | Entered an ossuary
    98 | Ossuary  | Reached XP level 2. HP: 27/27 MP: 1/1
   107 | Ossuary  | Reached skill level 1 in Armour
   157 | Ossuary  | Reached XP level 3. HP: 14/33 MP: 2/2
   164 | Ossuary  | Reached XP level 4. HP: 8/40 MP: 3/3
   436 | Ossuary  | Reached XP level 5. HP: 36/46 MP: 4/4
   554 | Ossuary  | Reached skill level 5 in Maces & Flails
   866 | D:4      | Noticed a phantom
   874 | D:4      | Killed a phantom
   875 | D:4      | Reached skill level 5 in Armour
   875 | D:4      | Reached XP level 6. HP: 38/52 MP: 5/5
   937 | D:4      | Found a shimmering blue altar of Sif Muna.
   940 | D:4      | Found a burning altar of Makhleb.
   941 | D:4      | Found a sparkling altar of Nemelex Xobeh.
   941 | D:4      | Found a glowing silver altar of Zin.
   950 | D:4      | Became a worshipper of Makhleb the Destroyer
  1372 | D:3      | Found a glowing drain.
  1388 | Sewer    | Entered a sewer
  1477 | Sewer    | Reached XP level 7. HP: 55/58 MP: 6/6
  1522 | Sewer    | Reached * piety under Makhleb
  1528 | Sewer    | Found a viscous altar of Jiyva.
  1980 | D:2      | Found an ornate altar of the Wu Jian Council.
  2091 | D:1      | Reached ** piety under Makhleb
  2108 | D:1      | Found a faded altar of an unknown god.
  2208 | D:1      | Found Seqohor's One-of-a-Kind Rings.
  4194 | D:3      | Found a glowing golden altar of the Shining One.
  4448 | D:4      | Found an ornate altar of the Wu Jian Council.
  4509 | D:4      | Found Uremocem's Jewellery Shop.
  4609 | D:4      | Reached *** piety under Makhleb
  4822 | D:5      | Found a white marble altar of Elyvilon.
  4921 | D:5      | Noticed Pikel
  4936 | D:5      | Killed Pikel
  4937 | D:5      | Reached XP level 8. HP: 60/66 MP: 7/7
  5465 | D:5      | Found a runed translucent door.
  5466 | D:5      | Noticed Crazy Yiuf
  6127 | D:6      | Identified the ring "Etuit" {rF+ Int+2 Slay+4}
  6331 | D:6      | Reached skill level 10 in Maces & Flails
  6506 | D:6      | Reached XP level 9. HP: 63/71 MP: 8/8
  6589 | D:6      | Noticed Eustachio
  6602 | D:6      | Killed Eustachio
  6603 | D:6      | Reached skill level 10 in Armour
  7106 | D:7      | Found a flagged portal.
  7108 | D:7      | Noticed a gargoyle
  7145 | D:7      | Killed from afar by a gargoyle

Illustrated notes

Levels and vault maps discovered:
D:1:      tarquinn_simple_flora_water_f, layout_basic,
          dreamdust_ecumenical_altar_drowned_temple, minmay_misc_feat_roman,
          minmay_misc_feat_alley, nicolae_shop_unique_rings
D:2:      layout_basic, basic_altar, serial_curves, eino_curves_02,
          eino_curves_02, patterned_corridor
D:3:      layout_loops_ring, mainiacjoe_overflow_boulevard,
          cheibrodos_sewer_entry_bend
D:4:      cheibrodos_fertilizer, layout_cave_pools, nzn_wu_jian_council_hall,
          chequers_temple_overflow_statue_of_worship, serial_shops,
          nicolae_shop_gaudy_bauble, chequers_ossuary_entry_cave
D:5:      layout_loops_corners, kennysheep_mini_moat, uniq_crazy_yiuf_cottage,
          uniq_pikel
D:6:      layout_cave_pods, serial_column_ruins, column_ruins_corridor_dead_end,
          column_ruins_open_tiny, column_ruins_corridor_straight,
          column_ruins_open_small, column_ruins_open_tiny, uniq_eustachio
D:7:      layout_loops_ring, mainiacjoe_overflow_cross_hatched,
          nicolae_dithmenos_the_darkroom, minmay_temple_entry_gardened_gates,
          enter_bailey_5

Skill      XL: |  1  2  3  4  5  6  7  8  9 |
---------------+----------------------------+-----
Armour         | 2 3 5 8 9 10 | 10.3
Maces & Flails | 3 4 5 6 8 10 | 10.7
Fighting       | |  3.7
Dodging        | |  2.3
Stealth        | |  4.1

Action                     |  1- 3 |  4- 6 |  7- 9 || total
---------------------------+-------+-------+-------++-------
  Melee: Mace              |    58 |   113 |   258 ||   429
         Headbutt          |    10 |    37 |    60 ||   107
         Flail             |       |    33 |   102 ||   135
         Punch             |       |       |     4 ||     4
    Use: Scroll            |       |     1 |     8 ||     9
         Potion            |       |       |     4 ||     4
   Stab: Sleeping          |       |     4 |     8 ||    12
         Distracted        |       |       |     1 ||     1
         Invisible         |       |       |     4 ||     4
 Armour: Leather armour    |    31 |    33 |       ||    64
         Ring mail         |       |     5 |    47 ||    52
         Scale mail        |       |       |    64 ||    64
         Skin              |       |       |    10 ||    10
  Dodge: Dodged            |    57 |   105 |   173 ||   335

Table legend: (Time is in decaauts)
 A = Elapsed time spent in this place.
 B = Non-inter-level travel time spent in this place.
 C = Inter-level travel time spent in this place.
 D = Time resting spent in this place.
 E = Time spent auto-exploring this place.
 F = Levels seen in this place.
 G = Mean time per level.
                   A        B        C        D        E       F      G
               +--------+--------+--------+--------+--------+-----+--------+
         Total |   7210 |   6731 |    479 |    297 |   4804 |   9 |  801.1 |
       Dungeon |   5969 |   5490 |    479 |    179 |   4107 |   7 |  852.7 |
         Sewer |    483 |    483 |      0 |      0 |    328 |   1 |  483.0 |
       Ossuary |    756 |    756 |      0 |    118 |    369 |   1 |  756.0 |
               +--------+--------+--------+--------+--------+-----+--------+

Top non-repeatable levels by time:
     D:6: 1233 daAuts
     D:1: 1057 daAuts
     D:5: 1032 daAuts
     D:4: 954 daAuts
     D:3: 873 daAuts
 Ossuary: 756 daAuts
     D:2: 683 daAuts
   Sewer: 483 daAuts
     D:7: 134 daAuts
